cohdb
Replays
Latest Replays
All Replays
Popular Replays
Top Player Replays
Match Explorer
How It Works
Community
CoH3 Stats
Reddit
Sign in to upload your games and track your stats! →
Sign in with Steam
Match 47231548
Unlisted
Match 47231548
Overview
Messages
Build Orders
End
Selects Luftwaffe Battlegroup
Selects Luftwaffe Pioneer Support
Fallschirmpioneer Squad Paradrop
Construct Infanterie Kompanie
MG 42 Machine Gun Team
Fallschirmpioneer Squad Paradrop
Construct Panzergrenadier Kompanie
Selects Stuka Strafing Run
Stuka Strafing Run
Fallschirmpioneer Squad Paradrop
Selects Fallschirmjäger Squad Paradrop
251 Medium Carrier
Stuka Strafing Run
Pak 40 Anti-tank Gun Team
Stuka Strafing Run
Selects Flak 38 Anti-Air Emplacement
Support Elements
Stuka Strafing Run
Nebelwerfer 42 Rocket Launcher Team
Marijuana
partondis
FuzzyWIG
Yoddha
The Boogyman
Potplayer
0
0
Comments
sign in to comment!
No comments posted yet!